[Event "XVI Gran Hotel Bali 2017"]
[Site "Benidorm"]
[Date "2017.12.04"]
[Round "4"]
[White "Iolis, Oleg"]
[Black "Gonzalez Laso, Adrian"]
[Result "1-0"]
[ECO "C18"]
[WhiteElo "2119"]
[BlackElo "2244"]
[Annotator "NA"]
[PlyCount "73"]
[EventDate "2017.??.??"]
[EventType "swiss"]
[EventCountry "ESP"]
[SourceTitle "playchess.com"]
[Source "ChessBase"]
[SourceQuality "1"]
[TimeControl "5400+30"]

1. e4 e6 2. d4 d5 3. Nc3 Bb4 4. e5 c5 5. a3 Bxc3+ 6. bxc3 Ne7 7. Qg4 Qc7 8. Qxg7 Rg8 9. Qxh7 cxd4 10. Ne2 Nbc6 11. f4 Bd7 12. Qd3 dxc3 13. Nxc3 a6 14. h4 Nf5 15. Rh3 O-O-O 16. Rb1 Na5 17. h5 Nc4 18. h6 {[%emt 0:01:10] C18: French: 3 Nc3 Bb4: Main line: 7 h4 and 7 Qg4} Rg6 19. h7 Rh8 20. Ne4 (20. Ne2 Bb5 21. Nd4 Nxe5 22. Qd1 Bxf1 23. Kxf1 Qc4+ 24. Ne2 Qe4 25. Rbb3 Qxg2+ {0-1 (78) Karjakin,S (2727)-Grischuk,A (2728) Moscow 2008}) 20... Bb5 $146 ({Predecessor:} 20... dxe4 21. Qxc4 Qxc4 22. Bxc4 Rxg2 23. Bxa6 bxa6 24. Rc3+ Bc6 25. Rxc6+ Kd7 26. Rxa6 Rxh7 27. Ra7+ Kc8 28. Ra8+ Kc7 29. Ra7+ Kc8 30. Ra8+ {½-½ (30) Becerra Rivero,J (2602)-Bhat,V (2498) ICC INT 2008}) 21. Ng5 Nxe5 22. Qc3 Qxc3+ 23. Rxc3+ Nc4 24. Rh3 Nfd6 25. Rbb3 Kd7 26. Rbg3 Rg7 27. Bd3 f6 28. Nf3 $18 Rxg3 29. Rxg3 Ne4 30. Rg7+ Kd6 31. g4 Ba4 32. g5 fxg5 33. Nxg5 Nxg5 34. fxg5 Ne5 35. g6 Nxd3+ 36. cxd3 Rc8 37. Bd2 1-0

[Event "XVI Gran Hotel Bali 2017"]
[Site "Benidorm"]
[Date "2017.12.05"]
[Round "5"]
[White "Lornye, Pylyp"]
[Black "Zohaib Hassan, Mohamed"]
[Result "1-0"]
[ECO "A05"]
[WhiteElo "2264"]
[BlackElo "2231"]
[Annotator "RC"]
[PlyCount "67"]
[EventDate "2017.??.??"]
[EventType "swiss"]
[EventCountry "ESP"]
[SourceTitle "playchess.com"]
[Source "ChessBase"]
[SourceQuality "1"]
[TimeControl "5400+30"]

1. Nf3 Nf6 2. g3 b6 3. Bg2 Bb7 4. O-O e6 5. d3 Be7 6. e4 d5 7. Nfd2 dxe4 8. dxe4 e5 9. Nc3 Nc6 10. Nd5 Bd6 11. Nc4 Ba6 12. Nxd6+ Qxd6 13. Re1 O-O 14. Bg5 Nxd5 15. exd5 Nd8 16. Be7 Qxe7 17. d6 cxd6 18. Bxa8 f5 19. Bd5+ Kh8 20. Qf3 Ne6 21. Qa3 Bc8 22. Rxe5 Qf6 23. Qxd6 Nf4 24. Qa3 Nxd5 25. Rxd5 Bb7 26. Rd7 Bc8 27. Rxa7 Re8 28. Qc3 Qf8 29. Re1 Rd8 30. Qa3 Qg8 31. Qc3 f4 32. Rae7 Bh3 33. Qc6 Rc8 34. Qxc8 1-0

[Event "XVI Gran Hotel Bali 2017"]
[Site "Benidorm"]
[Date "2017.12.05"]
[Round "5"]
[White "Saenz Narciso, Miguel Angel"]
[Black "Arata, Roberto Mario"]
[Result "1-0"]
[ECO "B12"]
[WhiteElo "2228"]
[BlackElo "2169"]
[Annotator "RC"]
[PlyCount "81"]
[EventDate "2017.??.??"]
[EventType "swiss"]
[EventCountry "ESP"]
[SourceTitle "playchess.com"]
[Source "ChessBase"]
[SourceQuality "1"]
[TimeControl "5400+30"]

1. e4 c6 2. d4 d5 3. e5 Bf5 4. Nc3 h5 5. Bg5 Qc7 6. Nf3 e6 7. Nh4 Be7 8. Nxf5 exf5 9. Qd2 Nd7 10. Qf4 Nf8 11. Bxe7 Nxe7 12. O-O-O Ne6 13. Qe3 f4 14. Qd2 Nf5 15. Ne2 g5 16. Qd3 Ne7 17. g3 Ng6 18. gxf4 Ngxf4 19. Nxf4 Nxf4 20. Qf5 Ne6 21. Qf6 Rg8 22. h4 Qe7 23. hxg5 Rxg5 24. Qh8+ Qf8 25. Rxh5 O-O-O 26. Qxf8 Rxf8 27. Rxg5 Nxg5 28. f4 Ne6 29. f5 Nf4 30. Rd2 Rh8 31. Rf2 Rh4 32. c3 Kd8 33. Kd2 Ke7 34. Ke3 Nh5 35. f6+ Kf8 36. Rf3 Rh2 37. Rh3 Rxh3+ 38. Bxh3 Ng3 39. Bc8 b6 40. Bb7 c5 41. Bxd5 1-0

[Event "XVI Gran Hotel Bali 2017"]
[Site "Benidorm"]
[Date "2017.12.05"]
[Round "6"]
[White "Fernandez Barrera, Victor"]
[Black "Olcum, Ahmet"]
[Result "1-0"]
[ECO "A41"]
[WhiteElo "2300"]
[BlackElo "2231"]
[Annotator "NA RC"]
[PlyCount "111"]
[EventDate "2017.??.??"]
[EventType "swiss"]
[EventCountry "ESP"]
[SourceTitle "playchess.com"]
[Source "ChessBase"]
[SourceQuality "1"]
[TimeControl "5400+30"]

1. d4 d6 2. Nf3 g6 3. c4 Bg7 4. Nc3 Nd7 5. g3 e5 6. Bg2 Ne7 7. O-O O-O 8. dxe5 dxe5 {[%emt 0:01:13] A41: 1 d4 d6: Tartakower System and Modern Defence} 9. Qc2 Nf5 {[%emt 0:01:13] LiveBook: 39 Games} 10. Rd1 c6 11. Ne4 Qe7 12. c5 h6 13. e3 $146 ({Predecessor:} 13. a4 Nf6 14. Nxf6+ Qxf6 15. Bd2 Nd4 16. Nxd4 exd4 {1-0 (37) Schnitzspan,L (2311)-Rotstein,A (2529) Bad Homburg 2011}) 13... Re8 14. b3 Bf8 (14... Nf6 $142) 15. Ba3 Nf6 16. Nxf6+ Qxf6 17. Nd2 Ng7 18. Ne4 Qe7 19. Qc3 Bf5 20. Nd6 Red8 21. Bb2 f6 22. b4 Qc7 23. Nxf5 Nxf5 24. h4 h5 25. Bh3 Rxd1+ 26. Rxd1 Rd8 27. Rd3 Be7 28. e4 $14 Rxd3 29. Qxd3 Ng7 30. Bc1 a5 31. a3 axb4 32. axb4 b6 33. Be3 bxc5 34. bxc5 Kh7 35. Qa6 f5 36. exf5 Nxf5 37. Bxf5 gxf5 38. Qc4 Kg7 39. Qe6 f4 40. gxf4 Bxh4 41. fxe5 Qe7 42. Qh6+ Kf7 43. Qxh5+ Ke6 44. Qg6+ Kxe5 45. Qxc6 Bf6 46. Qf3 Ke6 47. Qe4+ Kd7 48. Qxe7+ Bxe7 49. Kg2 Kc6 50. Kg3 Bxc5 51. Bxc5 Kxc5 52. Kg4 Kd6 53. Kf5 Ke7 54. Kg6 Kf8 55. f3 Kg8 56. f4 1-0

[Event "XVI Gran Hotel Bali 2017"]
[Site "Benidorm"]
[Date "2017.12.05"]
[Round "6"]
[White "Olhovik, Andrei"]
[Black "Saenz Narciso, Miguel Angel"]
[Result "1/2-1/2"]
[ECO "A58"]
[WhiteElo "2299"]
[BlackElo "2228"]
[Annotator "NA RC"]
[PlyCount "62"]
[EventDate "2017.??.??"]
[EventType "swiss"]
[EventCountry "ESP"]
[SourceTitle "playchess.com"]
[Source "ChessBase"]
[SourceQuality "1"]
[TimeControl "5400+30"]

1. d4 Nf6 2. c4 c5 3. d5 b5 4. cxb5 a6 5. bxa6 g6 6. Nc3 Bxa6 7. Nf3 Bg7 8. Nd2 {[%emt 0:00:20] A58: Benko/Volga Gambit: Lines with 5 bxa6} (8. e4 Bxf1 9. Kxf1 d6 10. g3 O-O 11. Kg2 Na6 12. Qe2 Qb6 13. Rd1 Qb7 14. Rb1 Nd7 15. Bg5 Rfe8 16. a3 Nc7 17. Qc2 Nb6 18. a4 Rac8 19. b3 e6 20. dxe6 Nxe6 {1-0 (27) Jakovenko,D (2714)-Zvjaginsev,V (2673) Moscow 2016}) 8... O-O (8... e6 $11) 9. e4 Bxf1 10. Nxf1 Qa5 11. Bd2 d6 12. Ne3 {[%emt 0:02:38] LiveBook: 10 Games} Qa6 13. Qe2 Nbd7 14. Qxa6 Rxa6 15. Ke2 $146 ({Predecessor:} 15. Kd1 Rb8 16. Kc2 Nb6 17. a4 Nfd7 18. a5 Nc8 {1-0 (31) Reshetkov,K (2138)-Shteinberg,B (2230) Odessa 2008}) 15... Rb8 16. Rab1 Nh5 17. Ned1 Ne5 18. f3 Nc4 19. Kd3 Nxd2 (19... Bxc3 $5 20. Nxc3 Rxb2 $11) 20. Kxd2 Bd4 21. Kc2 f5 22. Re1 Kf7 23. a4 fxe4 24. fxe4 Nf6 25. b3 Be5 $14 26. g3 Rb4 27. Re2 Ra8 28. Kd3 Rab8 29. Kc2 Ra8 30. Kd3 Rab8 31. Kc2 Ra8 1/2-1/2

[Event "XVI Gran Hotel Bali 2017"]
[Site "Benidorm"]
[Date "2017.12.05"]
[Round "6"]
[White "Iglesias, Jorge"]
[Black "Levay, Sorin"]
[Result "1-0"]
[ECO "A30"]
[WhiteElo "2291"]
[BlackElo "2196"]
[Annotator "NA RC"]
[PlyCount "69"]
[EventDate "2017.??.??"]
[EventType "swiss"]
[EventCountry "ESP"]
[SourceTitle "playchess.com"]
[Source "ChessBase"]
[SourceQuality "1"]
[TimeControl "5400+30"]

1. c4 c5 2. Nf3 Nc6 3. Nc3 g6 4. e3 Bg7 5. d4 d6 6. Be2 Nh6 {[%emt 0:00:12] A35: Symmetrical English: 2 Nc3 Nc6 3 Nf3} (6... f5 7. O-O Nf6 8. d5 Nb4 9. a3 Na6 10. Rb1 O-O 11. b4 Kh8 12. Qb3 b6 13. Bb2 Nc7 14. Rfd1 {1-0 (53) Kramnik,V (2783)-Kamsky,G (2683) Sochi 2015}) 7. d5 {[%emt 0:08:29] LiveBook: 9 Games} Nb8 8. h3 O-O 9. O-O Na6 $146 ({Predecessor:} 9... a6 10. a3 e5 11. dxe6 fxe6 12. e4 Nc6 13. Be3 Nf7 14. Qd2 {0-1 (43) Llorente,J-Rosabal,Y (2268) Granma 1999}) 10. e4 Nc7 11. Bf4 f6 12. Re1 Nf7 13. Bf1 a6 14. Rb1 b6 15. a3 a5 16. b3 Bd7 17. Nb5 Nxb5 18. cxb5 Qe8 19. a4 Qb8 20. Rc1 Qa7 21. Nd2 Rad8 22. Nc4 Qb7 23. Be2 Kh8 24. Bg4 Be8 25. h4 Qb8 26. Be6 h5 27. Rc3 g5 28. Bd2 g4 29. f3 $18 Bd7 30. fxg4 Bxe6 31. dxe6 Ne5 32. Nxe5 dxe5 33. g5 fxg5 34. Qxh5+ Kg8 35. Qxg5 1-0

[Event "XVI Gran Hotel Bali 2017"]
[Site "Benidorm"]
[Date "2017.12.05"]
[Round "6"]
[White "Ayats Llobera, Gerard"]
[Black "Alvarez Morales, Miguel"]
[Result "1-0"]
[ECO "B04"]
[WhiteElo "2285"]
[BlackElo "2156"]
[Annotator "NA RC"]
[PlyCount "101"]
[EventDate "2017.??.??"]
[EventType "swiss"]
[EventCountry "ESP"]
[SourceTitle "playchess.com"]
[Source "ChessBase"]
[SourceQuality "1"]
[TimeControl "5400+30"]

1. e4 Nf6 2. e5 Nd5 3. d4 d6 4. Nf3 Nc6 5. c4 {[%emt 0:17:22] LiveBook: 261 Games} Nb6 6. exd6 exd6 7. Be3 {[%emt 0:00:14] B04: Aljechin-Verteidigung (Moderne Variante)} (7. Be2 Be7 8. O-O O-O 9. h3 Bf6 10. Nc3 Re8 11. Re1 Bf5 12. a3 d5 13. c5 Nc8 14. Bf4 N8e7 15. Bf1 Qd7 16. b4 Ng6 17. Rxe8+ Rxe8 18. Bg3 Be4 {0-1 (60) Grigoriants,S (2576)-Nakamura,H (2786) chess.com INT 2017}) 7... Bg4 8. h3 Bh5 9. Nbd2 Bg6 $146 ({Vorgänger:} 9... Be7 10. Be2 O-O 11. Nh2 Bg6 12. O-O Nb4 13. a3 Nc2 14. Rc1 Nxe3 15. fxe3 {0-1 (46) Voronin,M (1986)-Sedenko,A (2047) Voronezh 2010}) 10. a3 a5 11. d5 Nb8 12. Nb3 Be7 13. Bd3 Bf6 14. Nbd4 Na6 15. O-O O-O 16. b3 Bxd3 17. Qxd3 Nc5 18. Qc2 a4 19. b4 Nb3 $1 20. Rad1 Nxd4 21. Nxd4 Bg5 22. f4 Bf6 23. Nf5 Re8 24. g4 (24. Rf3 $16) 24... g6 25. Nh6+ Kg7 26. Bxb6 cxb6 27. g5 Bxg5 28. Nxf7 Kxf7 29. fxg5+ Kg7 30. Rf6 Re5 31. Rdf1 Rxg5+ 32. Kh2 Qxf6 33. Rxf6 Kxf6 34. Qf2+ Rf5 35. Qxb6 Rf8 36. Qxd6+ Kg7 37. Qg3 Rf3 38. Qe5+ Kh6 39. d6 R8f4 40. Qd5 Rf5 41. Qe4 $11 (41. Qd1 $18) 41... R5f4 42. Qd5 Rf5 43. Qd2+ g5 44. Kg2 Rf7 45. d7 Rf2+ 46. Qxf2 Rxd7 47. Qf8+ Kg6 48. Qe8+ Rf7 49. Qxa4 h5 50. Qe8 Kf6 51. c5 1-0

[Event "XVI Gran Hotel Bali 2017"]
[Site "Benidorm"]
[Date "2017.12.05"]
[Round "6"]
[White "Serna Lara, Sergio"]
[Black "Ibanez Aullana, Ramon"]
[Result "1-0"]
[ECO "A81"]
[WhiteElo "2224"]
[BlackElo "2295"]
[Annotator "NA RC"]
[PlyCount "49"]
[EventDate "2017.??.??"]
[EventType "swiss"]
[EventCountry "ESP"]
[SourceTitle "playchess.com"]
[Source "ChessBase"]
[SourceQuality "1"]
[TimeControl "5400+30"]

1. d4 f5 2. g3 Nf6 3. Bg2 g6 4. c3 Bg7 5. Qb3 c6 6. Nh3 Na6 7. Nd2 Nc7 8. Ng5 Rf8 9. e4 fxe4 (9... h6 $14) 10. Ndxe4 h6 11. Nh3 Ne6 12. O-O Qa5 13. Nxf6+ exf6 14. d5 cxd5 15. Nf4 Kf7 16. Bxd5 $18 ({Bloß nicht} 16. Nxd5 Kg8 $18) ({Viel schwächer ist} 16. Qxd5 $6 Qxd5 17. Bxd5 (17. Nxd5 d6 $16) 17... g5 $16) 16... Re8 17. Be3 Rb8 18. Rfe1 b6 19. Rad1 Re7 20. Qc2 f5 21. g4 Bb7 22. Nxg6 fxg4 23. Qf5+ Ke8 24. Nxe7 Kxe7 25. b4 1-0

[Event "XVI Gran Hotel Bali 2017"]
[Site "Benidorm"]
[Date "2017.12.05"]
[Round "6"]
[White "Picazo Lopez, Juan Antonio"]
[Black "Moreno Ibanez, Miguel"]
[Result "1-0"]
[ECO "A56"]
[WhiteElo "2204"]
[BlackElo "2272"]
[Annotator "NA RC"]
[PlyCount "121"]
[EventDate "2017.??.??"]
[EventType "swiss"]
[EventCountry "ESP"]
[SourceTitle "playchess.com"]
[Source "ChessBase"]
[SourceQuality "1"]
[TimeControl "5400+30"]

1. d4 Nf6 2. c4 c5 3. d5 g6 4. Nc3 Bg7 5. g3 (5. e4 $14) 5... O-O 6. Bg2 d6 7. e4 e6 8. Nge2 exd5 9. cxd5 Re8 10. a4 {[%emt 0:00:37] A60: Modern Benoni: Early Divergences} Na6 {[%emt 0:01:37] LiveBook: 8 Games} 11. O-O Nb4 (11... c4 12. Be3 Ng4 13. Bd4 Ne5 14. Qd2 Nb4 15. Nb5 Nbd3 16. f4 Ng4 17. Bxg7 Kxg7 {1-0 (62) Li,C (2720)-Szabo,G (2549) chess.com INT 2017}) 12. h3 b6 13. Bg5 h6 14. Be3 Ba6 15. Qd2 Kh7 {[%emt 0:05:41] [#]} 16. g4 $146 (16. Rfd1 $11 {keeps the balance.}) ({Predecessor:} 16. Rfe1 Qe7 17. Nc1 Rad8 {1-0 (44) Burmakin,V (2550)-Mojzis,J (2250) Schwarzach 1997}) 16... Nd7 17. f4 (17. Nb5 $11) 17... f5 18. g5 Bd3 19. h4 Nf8 20. Ng3 h5 21. Kh1 Qd7 22. Bh3 Qf7 23. Rg1 ({Lieber} 23. Bg1 $14) 23... Bxe4+ 24. Ncxe4 $15 (24. Ngxe4 $16 fxe4 25. f5) 24... Qxd5 ({Weaker is} 24... fxe4 25. f5 $14) 25. Qe2 Rxe4 26. Nxe4 Qxe4+ 27. Bg2 Qe8 28. Bxa8 Qxa8+ 29. Qg2 Qe4 30. Qxe4 fxe4 31. Rad1 d5 32. b3 d4 33. Bd2 Nd5 34. Rge1 e3 35. Bc1 Ne6 36. Kg2 Nc3 37. Kf3 Nxd1 38. Rxd1 Kg8 39. Ke4 Kf7 40. Rf1 Ke7 41. Kd3 Nd8 42. f5 gxf5 43. Rxf5 Ke6 44. Rf1 Nf7 45. a5 b5 46. Ba3 Ne5+ 47. Ke4 e2 48. Re1 d3 49. Bc1 c4 50. bxc4 bxc4 51. Bd2 c3 52. Bxc3 Nf3 53. Kxd3 Bxc3 54. Rxe2+ Be5 55. g6 Kf5 56. Rf2 Kg4 57. Ke4 Nxh4 58. Rg2+ Kh3 59. Kxe5 Kxg2 60. g7 Nf3+ 61. Ke4 1-0

[Event "XVI Gran Hotel Bali 2017"]
[Site "Benidorm"]
[Date "2017.12.05"]
[Round "6"]
[White "Cubas Pons, Juan Miguel"]
[Black "Lornye, Pylyp"]
[Result "0-1"]
[ECO "E94"]
[WhiteElo "2187"]
[BlackElo "2264"]
[Annotator "NA RC"]
[PlyCount "76"]
[EventDate "2017.??.??"]
[EventType "swiss"]
[EventCountry "ESP"]
[SourceTitle "playchess.com"]
[Source "ChessBase"]
[SourceQuality "1"]
[TimeControl "5400+30"]

1. d4 g6 2. c4 Nf6 3. Nc3 Bg7 4. e4 d6 5. Nf3 O-O 6. Be2 e5 {[%emt 0:00:24] LiveBook: 29540 Games} 7. O-O exd4 8. Nxd4 Re8 9. f3 Nc6 10. Nb3 {[%emt 0:02:20] E94: King's Indian: Classical: 6 Be2 e5 7 0-0: Various Black 7th moves} (10. Be3 $14 Nh5 11. Qd2 Nf4 12. Rfd1 Nxd4 13. Bxd4 Bxd4+ 14. Qxd4 Nxe2+ 15. Nxe2 b6 16. Nc3 Bb7 17. Nd5 Bxd5 18. cxd5 Qg5 19. Rac1 Rac8 20. Qd2 Qe5 21. Qd4 Qg5 22. Qd2 Qe5 23. Qd4 Qg5 24. Qd2 {½-½ (24) Mamedyarov,S (2772)-Radjabov,T (2710) Shamkir 2017}) 10... Nh5 11. g4 $146 ({Predecessor:} 11. Nd5 a5 12. a4 h6 13. Rf2 Nf6 14. Bd2 Nxd5 15. cxd5 Nd4 16. Nxa5 c6 17. Nc4 cxd5 18. exd5 {0-1 (40) Vargas Maliqueo,I (2205)-Jorquera Cahuin,M (2296) Santiago de Chile 2007}) 11... Nf6 12. Bf4 h5 13. g5 (13. Bg5 $1 $11) 13... Nh7 14. Qd2 Bh3 15. Rfd1 Ne5 (15... a5 $11) 16. Qe3 a5 17. c5 a4 18. Nc1 (18. Nd4 $14) 18... a3 19. b4 Qc8 20. Nb3 dxc5 21. Nxc5 b6 22. Nb3 Be6 23. Nd4 Nc4 24. Qf2 Nb2 25. Rd2 c5 26. bxc5 Qxc5 27. Nxe6 Qxc3 ({Nicht} 27... Qxf2+ 28. Kxf2 Bxc3 29. Rc2 $16) 28. Nxg7 Nd3 $1 29. Rxd3 Qxa1+ 30. Rd1 Qxg7 31. Qxb6 Nf8 32. Bb5 Qb2 33. Bc7 Rec8 34. Bf1 Ne6 35. Rb1 Qxb6+ 36. Bxb6 Rab8 37. Rb5 Rc1 38. Kf2 $19 Rc2+ 0-1

[Event "XVI Gran Hotel Bali 2017"]
[Site "Benidorm"]
[Date "2017.12.05"]
[Round "6"]
[White "Yuksel, Atilla Koksal"]
[Black "Rodriguez Alvarez, Vidal"]
[Result "1-0"]
[ECO "B23"]
[WhiteElo "2184"]
[BlackElo "2256"]
[Annotator "NA RC"]
[PlyCount "74"]
[EventDate "2017.??.??"]
[EventType "swiss"]
[EventCountry "ESP"]
[SourceTitle "playchess.com"]
[Source "ChessBase"]
[SourceQuality "1"]
[TimeControl "5400+30"]

1. e4 c5 2. Nc3 g6 3. f4 Bg7 4. Nf3 Nc6 5. Bc4 e6 6. d3 Nge7 7. O-O d5 8. Bb3 O-O 9. Qe1 Nd4 10. Nxd4 $1 cxd4 11. Ne2 dxe4 12. dxe4 d3 {[%emt 0:04:49] LiveBook: 5 Games B23: Closed Sicilian: Lines without g3} (12... b6 13. Bc4 Bb7 14. Bd3 f5 15. Ng3 Qd7 16. Bd2 Kh8 17. Qe2 Rac8 18. h3 Rfe8 19. e5 Rcd8 20. Qf2 Nc6 {½-½ (84) Saric,I (2441)-Leskur,D (2476) Sibenik 2005}) 13. Nc3 b6 14. Be3 dxc2 15. Bxc2 Nc6 16. Rd1 Qe7 17. e5 Ba6 18. Rf2 {Predecessor:} Rad8 $146 19. Be4 Rxd1 20. Qxd1 Rd8 21. Rd2 Rxd2 22. Qxd2 Na5 23. b3 Bf8 24. Bf3 Bb7 25. Ne4 Kg7 26. h3 Bxe4 27. Bxe4 Qa3 28. Kh2 Bc5 $18 ({Günstiger ist} 28... Qb4 $14 29. Qxb4 Bxb4) 29. f5 Bxe3 30. f6+ Kg8 31. Qxe3 Qc5 32. Qf4 Qd4 33. g3 Qb4 34. Qh6 Qf8 35. Qd2 Qc8 36. Qd6 b5 37. Qd2 Qd8 1-0

[Event "XVI Gran Hotel Bali 2017"]
[Site "Benidorm"]
[Date "2017.12.09"]
[Round "10"]
[White "Olhovik, Andrei"]
[Black "Rodriguez Alvarez, Vidal"]
[Result "1/2-1/2"]
[ECO "A40"]
[WhiteElo "2299"]
[BlackElo "2256"]
[Annotator "NA"]
[PlyCount "51"]
[EventDate "2017.??.??"]
[EventType "swiss"]
[EventCountry "ESP"]
[SourceTitle "playchess.com"]
[Source "ChessBase"]
[SourceQuality "1"]
[TimeControl "5400+30"]

1. d4 e6 2. Nf3 Nf6 3. Bf4 d5 4. e3 Bd6 5. Bg3 O-O 6. Nbd2 c5 7. c3 Nc6 8. Bd3 b6 9. Qe2 Bb7 10. O-O Bxg3 11. hxg3 Qd6 12. dxc5 Qxc5 13. e4 dxe4 14. Nxe4 Nxe4 15. Qxe4 g6 16. Rad1 Qe7 17. Qe3 Rfd8 18. Be4 Rxd1 19. Rxd1 Rd8 20. Rxd8+ Qxd8 21. g4 Qd1+ 22. Kh2 Qd6+ 23. Kg1 Qd1+ 24. Kh2 Qd6+ 25. Kg1 Qd1+ 26. Kh2 1/2-1/2

[Event "XVI Gran Hotel Bali 2017"]
[Site "Benidorm"]
[Date "2017.12.09"]
[Round "10"]
[White "Ibanez Aullana, Ramon"]
[Black "Levay, Sorin"]
[Result "0-1"]
[ECO "B07"]
[WhiteElo "2295"]
[BlackElo "2196"]
[Annotator "NA"]
[PlyCount "82"]
[EventDate "2017.??.??"]
[EventType "swiss"]
[EventCountry "ESP"]
[SourceTitle "playchess.com"]
[Source "ChessBase"]
[SourceQuality "1"]
[TimeControl "5400+30"]

1. d4 d6 2. e4 Nf6 3. Nc3 Nbd7 4. Nf3 e5 5. Bc4 Be7 6. O-O O-O 7. a4 c6 8. Re1 b6 9. Ba2 a6 10. Qd3 Rb8 11. Ne2 Bb7 12. Ng3 exd4 13. Nxd4 Nc5 14. Qf3 Nfd7 15. Ngf5 Bf6 16. Qg3 Ne5 17. Bh6 Ng6 18. Rad1 Nxe4 19. Rxe4 d5 20. Bxg7 Bxg7 21. Rg4 Qf6 22. h4 Bc8 23. Rxg6 hxg6 24. Nxg7 Kxg7 25. Nxc6 Rb7 26. Nd4 Rh8 27. Nf3 Qxb2 28. Bxd5 Rd7 29. c4 Qf6 30. Rd4 Bb7 31. Kh2 Bxd5 32. cxd5 Rh5 33. d6 Rf5 34. Rd3 Rf4 35. a5 bxa5 36. Rd5 Rxd6 37. Rxa5 Rd3 38. h5 Rdxf3 39. gxf3 Rxf3 40. Rxa6 Rxf2+ 41. Kg1 Rf1+ 0-1

[Event "XVI Gran Hotel Bali 2017"]
[Site "Benidorm"]
[Date "2017.12.09"]
[Round "10"]
[White "Iglesias, Jorge"]
[Black "Zohaib Hassan, Mohamed"]
[Result "0-1"]
[ECO "A27"]
[WhiteElo "2291"]
[BlackElo "2231"]
[Annotator "NA"]
[PlyCount "114"]
[EventDate "2017.??.??"]
[EventType "swiss"]
[EventCountry "ESP"]
[SourceTitle "playchess.com"]
[Source "ChessBase"]
[SourceQuality "1"]
[TimeControl "5400+30"]

1. c4 e5 2. Nc3 Nc6 3. Nf3 f5 4. d4 e4 5. Bg5 Nf6 6. Nd2 Be7 7. e3 O-O 8. Be2 d6 9. O-O h6 10. Bxf6 Bxf6 11. Nd5 Bg5 12. f4 exf3 13. Nxf3 Ne7 14. Nf4 Qe8 15. Kh1 Bf6 16. Qb3 c6 17. Bd3 g5 18. Ne2 Bg7 19. Rae1 Ng6 20. Ng3 g4 21. Ng1 Nh4 22. Qc2 Qg6 23. N1e2 Qg5 24. Nf4 Bd7 25. Nfh5 Rae8 26. Qf2 Bh8 27. Nf4 c5 28. d5 Be5 29. Nge2 Re7 30. Ne6 Bxe6 31. dxe6 Rxe6 32. Nf4 Re7 33. Rb1 a5 34. a3 Rfe8 35. b4 axb4 36. axb4 b6 37. Nd5 Rf7 38. Nxb6 g3 39. Qc2 gxh2 40. Nd5 cxb4 41. Rxb4 Kh8 42. Nf4 Rg7 43. c5 dxc5 44. Rb6 Reg8 45. Bc4 Re8 46. Bd5 Kh7 47. Ne6 Rxe6 48. Rxe6 Qxe3 49. Qb1 Qd4 50. Bc6 c4 51. Qc1 Rg6 52. Re7+ Bg7 53. Bb7 c3 54. Rd1 Qf2 55. Qxc3 Rxg2 56. Qc1 Nf3 57. Ree1 Rg1+ 0-1

[Event "XVI Gran Hotel Bali 2017"]
[Site "Benidorm"]
[Date "2017.12.09"]
[Round "10"]
[White "Ayats Llobera, Gerard"]
[Black "Lornye, Pylyp"]
[Result "1/2-1/2"]
[ECO "B70"]
[WhiteElo "2285"]
[BlackElo "2264"]
[Annotator "NA"]
[PlyCount "34"]
[EventDate "2017.??.??"]
[EventType "swiss"]
[EventCountry "ESP"]
[SourceTitle "playchess.com"]
[Source "ChessBase"]
[SourceQuality "1"]
[TimeControl "5400+30"]

1. e4 c5 2. Nf3 d6 3. d4 cxd4 4. Nxd4 Nf6 5. Nc3 g6 6. Be2 Bg7 7. O-O O-O 8. Re1 Nc6 9. Nb3 Be6 10. Bf1 Rc8 11. Nd5 Ne5 12. c3 Nc4 13. Bxc4 Rxc4 14. Qd3 Rc8 15. Bg5 Bxd5 16. exd5 Qd7 17. h3 Rfe8 1/2-1/2

[Event "XVI Gran Hotel Bali 2017"]
[Site "Benidorm"]
[Date "2017.12.09"]
[Round "10"]
[White "Serra Pages, Jordi"]
[Black "Picazo Lopez, Juan Antonio"]
[Result "1/2-1/2"]
[ECO "D20"]
[WhiteElo "2238"]
[BlackElo "2204"]
[Annotator "NA"]
[PlyCount "143"]
[EventDate "2017.??.??"]
[EventType "swiss"]
[EventCountry "ESP"]
[SourceTitle "playchess.com"]
[Source "ChessBase"]
[SourceQuality "1"]
[TimeControl "5400+30"]

1. d4 d5 2. c4 dxc4 3. e3 e5 4. Bxc4 exd4 5. exd4 Bd6 6. Nf3 Nf6 7. Qe2+ Qe7 8. Qxe7+ Kxe7 9. Nc3 Bd7 10. Bg5 Re8 11. O-O Kf8 12. Nb5 Bxb5 13. Bxb5 c6 14. Bxf6 gxf6 15. Bd3 Kg8 16. Nh4 Nd7 17. Nf5 Bf8 18. Rae1 Nb6 19. Re3 Nd5 20. Rf3 Rad8 21. Rc1 Ne7 22. Rg3+ Kh8 23. Rh3 Nxf5 24. Bxf5 Rxd4 25. Bxh7 Rd2 26. Bd3+ Kg8 27. Rg3+ Bg7 28. Rb1 Rd8 29. Bf1 f5 30. a4 R8d4 31. b3 Rf4 32. Rd3 Rfxf2 33. Rxd2 Rxd2 34. Bc4 f4 35. Rf1 Bd4+ 36. Kh1 Bf2 37. g3 f3 38. h4 Kg7 39. Kh2 Bd4+ 40. Kh3 f2 41. Rb1 Rc2 42. g4 a6 43. g5 Rc3+ 44. Kg2 f6 45. Rd1 c5 46. gxf6+ Kxf6 47. Rd3 Rc1 48. Rf3+ Kg6 49. Kh3 Kh6 50. Kg4 Rg1+ 51. Kh3 Be5 52. h5 Bd4 53. Rf5 Rb1 54. a5 Ra1 55. Rf7 Kxh5 56. Kg2 Kg6 57. Rxb7 Rg1+ 58. Kf3 f1=Q+ 59. Bxf1 Rxf1+ 60. Ke4 Bc3 61. Rb6+ Kf7 62. Rxa6 Rd1 63. Rc6 Bb4 64. a6 Ke8 65. Rc8+ Kd7 66. a7 Rd4+ 67. Ke5 Kxc8 68. a8=Q+ Kc7 69. Qa7+ Kc6 70. Qa6+ Kc7 71. Qa7+ Kc6 72. Qa6+ 1/2-1/2

[Event "XVI Gran Hotel Bali 2017"]
[Site "Benidorm"]
[Date "2017.12.09"]
[Round "10"]
[White "Olcum, Ahmet"]
[Black "Saber, Yasser"]
[Result "1-0"]
[ECO "B08"]
[WhiteElo "2231"]
[BlackElo "2248"]
[Annotator "NA"]
[PlyCount "61"]
[EventDate "2017.??.??"]
[EventType "swiss"]
[EventCountry "ESP"]
[SourceTitle "playchess.com"]
[Source "ChessBase"]
[SourceQuality "1"]
[TimeControl "5400+30"]

1. d4 d6 2. e4 Nf6 3. Nc3 g6 4. Nf3 Bg7 5. Be2 O-O 6. O-O c6 7. a4 Qc7 8. a5 e5 9. dxe5 dxe5 10. Be3 Ng4 11. Bc5 Rd8 12. Nd2 h5 13. Bb6 axb6 14. axb6 Qxb6 15. Rxa8 Na6 16. Bxa6 bxa6 17. Nc4 Qc7 18. Ra7 Rxd1 19. Rxc7 Rd8 20. Rd1 Rf8 21. Rxc6 Nf6 22. Nd5 Be6 23. Nxf6+ Bxf6 24. Ne3 Rb8 25. b3 a5 26. Nd5 Bd8 27. Nc7 Bg4 28. f3 Bxc7 29. Rxc7 Be6 30. Rc5 Ra8 31. Ra1 1-0

[Event "XVI Gran Hotel Bali 2017"]
[Site "Benidorm"]
[Date "2017.12.09"]
[Round "10"]
[White "Serna Lara, Sergio"]
[Black "Fernandez Barrera, Victor"]
[Result "1/2-1/2"]
[ECO "E12"]
[WhiteElo "2224"]
[BlackElo "2300"]
[Annotator "NA"]
[PlyCount "55"]
[EventDate "2017.??.??"]
[EventType "swiss"]
[EventCountry "ESP"]
[SourceTitle "playchess.com"]
[Source "ChessBase"]
[SourceQuality "1"]
[TimeControl "5400+30"]

1. d4 Nf6 2. Nf3 e6 3. c4 b6 4. Bf4 Bb7 5. e3 Bb4+ 6. Nfd2 O-O 7. a3 Be7 8. Nc3 c5 9. d5 d6 10. e4 e5 11. Be3 Bc8 12. Be2 Ne8 13. Bg4 g6 14. Bxc8 Qxc8 15. g4 Ng7 16. Rg1 Qd8 17. Nf3 Nd7 18. Qe2 a6 19. a4 Kh8 20. Bh6 Rg8 21. h4 Ne8 22. Bd2 Ng7 23. Bh6 Ne8 24. g5 Ng7 25. Bxg7+ Rxg7 26. Qe3 f5 27. gxf6 Bxf6 28. Ng5 1/2-1/2